[Event "Titled Tuesday Blitz August 16 Early 2022"]
[White "Guz, Ari"]
[Black "Demidov, Mikhail"]
[WhiteFideId "2825759"]
[BlackFideId "4197143"]
[WhiteElo "1913"]
[BlackElo "2525"]
[Result "0-1"]
[Round "04"]
[TimeControl "180+1"]
[Date "2022.08.16"]
[WhiteClock "0:00:10"]
[BlackClock "0:00:15"]

1. e4 Nf6 2. e5 Nd5 3. Bc4 c6 4. d4 d6 5. Nf3 g6 6. exd6 Qxd6 7. O-O Bg7 8. h3 O-O 9. Bb3 b5 10. Nbd2 Nd7 11. c4 bxc4 12. Nxc4 Qc7 13. Re1 Re8 14. Bg5 N7b6 15. Rc1 Nxc4 16. Bxc4 Qd6 17. Bh4 Qb4 18. Bb3 Bb7 19. Bg3 a5 20. a3 Qb6 21. Re2 Bh6 22. Rc5 e6 23. Ne5 Bf8 24. Rc1 Bg7 25. Ba4 Rec8 26. Rec2 Ne7 27. Nc4 Qxd4 28. Qxd4 Bxd4 29. Nd6 Rcb8 30. Rd1 c5 31. Nb5 Rd8 32. Bc7 Rdc8 33. Bg3 Nf5 34. Bf4 Be4 35. Re2 Bc6 36. g4 Bf3 37. Kf1 Ne7 38. Nxd4 cxd4 39. Rxd4 Bxe2+ 40. Kxe2 Nd5 41. Bd2 Rab8 42. b4 axb4 43. axb4 Rc7 44. Bb3 Rb5 45. Bc4 Rb6 46. Bxd5 exd5 47. Rxd5 f6 48. f4 Kf7 49. Rd4 Rb5 50. Kf3 h5 51. g5 fxg5 52. fxg5 Rf5+ 53. Kg3 Ra7 54. Rd3 Ke6 55. h4 Ra2 56. Bf4 Rd5 57. Re3+ Kf5 58. Bc7 Rad2 59. Rf3+ Ke4 60. Rf6 R2d3+ 61. Kg2 Rd2+ 62. Kg3 R5d3+ 0-1


[Site "https://www.chess.com"]

[Event "Titled Tuesday Blitz August 16 Early 2022"]
[White "Horak, Martin"]
[Black "Barria Zuniga, Daniel"]
[WhiteFideId "367095"]
[BlackFideId "3400816"]
[WhiteElo "1997"]
[BlackElo "2414"]
[Result "0-1"]
[Round "04"]
[TimeControl "180+2"]
[Date "2022.08.18"]
[WhiteClock "0:00:00"]
[BlackClock "0:00:00"]

1. e4 g6 2. d4 Bg7 3. Nc3 c5 4. dxc5 Bxc3+ 5. bxc3 Nf6 6. f3 Qa5 7. Be3 Qxc3+ 8. Kf2 Nc6 9. Rb1 b6 10. cxb6 axb6 11. Ne2 Qe5 12. Nd4 O-O 13. Bc4 Na5 14. Rb5 Qc7 15. Bd3 Ba6 16. Rb1 Nc4 17. Bxc4 Bxc4 18. Qd2 Rxa2 19. Ra1 Rfa8 20. Rxa2 Rxa2 21. Qc3 Ra7 22. g3 d6 23. Ra1 Rxa1 24. Qxa1 e5 25. Qa8+ Kg7 26. Qc6 Qxc6 27. Nxc6 b5 28. Na5 Be6 29. Nb7 Ne8 30. Ba7 Kf8 31. Ke3 Ke7 32. Bb6 Kd7 33. Na5 f5 34. c3 Nf6 35. Kd3 fxe4+ 36. fxe4 Ng4 37. h4 Nf6 38. Be3 Bh3 39. Bg5 Ng4 40. Nb3 Bf1+ 41. Kd2 Bc4 42. Na1 h6 43. Be3 h5 44. Bg5 Ke6 45. Nc2 Nf6 46. Ke3 Nd7 47. Kd2 Nc5 48. Ke3 Ba2 49. Nb4 Bb1 50. Nd5 Kd7 51. Nf6+ Kc6 52. Kf3 Na4 53. Bd2 Nb2 54. Ke3 Nc4+ 55. Ke2 Bc2 56. Bg5 Bb3 57. Kd3 Na3 58. Ke2 Bc4+ 59. Ke3 Nb1 60. Bh6 Nxc3 61. Ne8 Kd7 62. Kd2 Kxe8 63. Kxc3 Kd7 64. Kb4 Kc6 65. Bg7 Bd3 66. Kc3 Bxe4 67. Bh8 Bf5 68. Bg7 Kd7 69. Kb4 Kc6 70. Kc3 Bg4 71. Bf8 Bh3 72. Bg7 Bf1 73. Kb4 Bc4 74. Kc3 Kd7 75. Kb4 Ke6 76. Kc3 d5 77. Kd2 d4 78. Kc2 Kd5 79. Kd2 e4 80. Kc2 e3 81. Kd1 Ke4 82. Ke1 d3 83. Kd1 d2 84. Bc3 Bb3+ 85. Ke2 d1=Q# 0-1


[Site "https://www.chess.com"]

[Event "Titled Tuesday Blitz August 16 Early 2022"]
[White "Ianov, Viktor"]
[Black "Xu, Yi"]
[WhiteFideId "14102730"]
[BlackFideId "8605564"]
[WhiteElo "2152"]
[BlackElo "2471"]
[Result "0-1"]
[Round "04"]
[TimeControl "180+2"]
[Date "2022.08.18"]
[WhiteClock "0:00:00"]
[BlackClock "0:00:00"]

1. Nf3 f5 2. g3 Nf6 3. Bg2 g6 4. c4 Bg7 5. Nc3 O-O 6. d3 d6 7. Rb1 e5 8. b4 Nc6 9. b5 Ne7 10. Bb2 Be6 11. Ng5 Bc8 12. a4 h6 13. Nf3 Be6 14. Nd2 Qc8 15. a5 a6 16. Qa4 Kh7 17. O-O f4 18. Nde4 Nxe4 19. Bxe4 axb5 20. cxb5 d5 21. Bg2 c6 22. Ba3 c5 23. b6 e4 24. Nb5 f3 25. exf3 exf3 26. Bh1 Nc6 27. Bxc5 Rxa5 28. Qd1 Rf6 29. Bxf3 Ne5 30. Bg2 Bg4 31. Qc2 Nf3+ 32. Kh1 Rf5 33. Rfc1 Rh5 34. h4 Qd8 35. Bxf3 Bxf3+ 36. Kg1 Qxh4 37. gxh4 Rxh4 0-1


[Site "https://www.chess.com"]

[Event "Titled Tuesday Blitz August 16 Early 2022"]
[White "Iljin, Timofey"]
[Black "Grandelius, Nils"]
[WhiteFideId "14110180"]
[BlackFideId "1710400"]
[WhiteElo "2404"]
[BlackElo "2617"]
[Result "0-1"]
[Round "04"]
[TimeControl "180+1"]
[Date "2022.08.16"]
[WhiteClock "0:00:14"]
[BlackClock "0:00:11"]

1. d4 Nf6 2. c4 e6 3. Nc3 Bb4 4. e3 c5 5. a3 Bxc3+ 6. bxc3 d6 7. Bd3 Nc6 8. Ne2 b6 9. O-O Na5 10. e4 Ba6 11. Bg5 h6 12. Bh4 g5 13. Bg3 Nh5 14. f4 Qd7 15. f5 O-O-O 16. a4 Rhe8 17. Rb1 exf5 18. Rxf5 Bxc4 19. Bxc4 Nxc4 20. Qd3 Qe6 21. a5 Qxe4 22. Qxc4 Qxb1+ 23. Rf1 Qe4 24. axb6 axb6 25. Qa4 Kb7 26. Ra1 Qxe2 27. Qa7+ Kc6 28. Qxf7 Nxg3 29. d5+ Kb5 30. Rb1+ Kc4 31. hxg3 Qd2 32. Rxb6 Re1+ 33. Kh2 Qc1 34. Kh3 h5 35. g4 Rh1+ 36. Kg3 Qe3+ 37. Qf3 h4# 0-1


[Site "https://www.chess.com"]

[Event "Titled Tuesday Blitz August 16 Early 2022"]
[White "Jaferian, Koosha"]
[Black "Martinez, Shawn"]
[WhiteFideId "12507440"]
[BlackFideId "2039770"]
[WhiteElo "2030"]
[BlackElo "2174"]
[Result "0-1"]
[Round "04"]
[TimeControl "180+2"]
[Date "2022.08.18"]
[WhiteClock "0:00:00"]
[BlackClock "0:00:00"]

1. Nf3 g6 2. d4 Bg7 3. b3 b6 4. Bb2 Bb7 5. e3 a6 6. Be2 h6 7. O-O d6 8. Nbd2 Nd7 9. c4 e6 10. Rc1 Ne7 11. Ne1 O-O 12. Bf3 Qc8 13. Nd3 c5 14. Nf4 e5 15. dxe5 dxe5 16. Bxb7 Qxb7 17. Ne2 Rad8 18. Qc2 Nf6 19. Bxe5 Nc6 20. Bxf6 Bxf6 21. Nf3 Nb4 22. Qb1 Nd3 23. Rcd1 Nb2 24. Rxd8 Rxd8 25. Nf4 b5 26. Nd5 Bg7 27. Qe4 Kh8 28. Rb1 bxc4 29. bxc4 Qd7 30. Ne5 Qe6 31. f4 Nxc4 32. Qxc4 Rxd5 33. Nd3 Qxe3+ 34. Nf2 Rd2 35. Rf1 Bd4 36. Qxf7 Qxf2+ 37. Rxf2 Rd1# 0-1


[Site "https://www.chess.com"]

[Event "Titled Tuesday Blitz August 16 Early 2022"]
[White "Jain, Naveen"]
[Black "Ponce Cano, Adrian"]
[WhiteFideId "5003970"]
[BlackFideId "22296913"]
[WhiteElo "2036"]
[BlackElo "2261"]
[Result "0-1"]
[Round "04"]
[TimeControl "180+2"]
[Date "2022.08.18"]
[WhiteClock "0:00:00"]
[BlackClock "0:00:00"]

1. c4 f5 2. Nc3 Nf6 3. g3 g6 4. Bg2 Bg7 5. d3 O-O 6. Nf3 d6 7. O-O e5 8. Bg5 h6 9. Bxf6 Bxf6 10. Nd5 Bg7 11. Rc1 c6 12. Nc3 Be6 13. b4 Nd7 14. a4 a6 15. b5 d5 16. bxc6 bxc6 17. cxd5 cxd5 18. d4 e4 19. Ne1 Nb6 20. e3 Rc8 21. Qb3 Nc4 22. Nc2 Nd2 23. Qb2 Nxf1 24. Bxf1 Qa5 25. Na3 Rb8 26. Qa2 Rfc8 27. Nab1 Bf8 28. Rd1 Bb4 29. Ne2 Bd6 30. Nd2 Rc7 31. Rb1 Rbc8 32. Nb3 Qb4 33. Nc5 Bxc5 34. Rxb4 Bxb4 35. Nf4 Bf7 36. Bxa6 Rc1+ 37. Kg2 R8c2 38. Qb3 Be1 39. Qb8+ Kh7 40. Qf8 Rxf2+ 41. Kh3 Rc7 42. Qd6 g5 43. Ng2 g4+ 44. Kh4 Rxg2 45. h3 Rh2 46. Bf1 Ba5 47. Qxh6+ Kxh6 48. Bg2 Rxg2 0-1


[Site "https://www.chess.com"]

[Event "Titled Tuesday Blitz August 16 Early 2022"]
[White "Janaszak, Dawid"]
[Black "Babazada, Khazar"]
[WhiteFideId "1119206"]
[BlackFideId "13413554"]
[WhiteElo "2165"]
[BlackElo "2409"]
[Result "1/2-1/2"]
[Round "04"]
[TimeControl "180+1"]
[Date "2022.08.16"]
[WhiteClock "0:00:44"]
[BlackClock "0:00:42"]

1. e4 Nf6 2. Nc3 d5 3. exd5 Nxd5 4. Bc4 c6 5. Qf3 e6 6. Nge2 Nd7 7. d4 Be7 8. Bd2 h5 9. O-O-O a5 10. a4 N7f6 11. Kb1 Bd7 12. Rhe1 b5 13. Bb3 b4 14. Ne4 Qb6 15. h4 O-O-O 16. Ng5 Rhf8 17. Ng3 g6 18. Bc1 Kb7 19. N3e4 Rc8 20. Qg3 Qc7 21. Qxc7+ Kxc7 22. g3 Kb6 23. Nd2 Rc7 24. Nc4+ Ka6 25. Ne5 Be8 26. Bc4+ Ka7 27. Bb3 Ka6 28. Bc4+ Ka7 29. Bb3 Nd7 30. Nxg6 fxg6 31. Nxe6 Rb7 32. Nxf8 Nxf8 33. Bg5 Bxg5 34. Rxe8 Bh6 1/2-1/2


[Site "https://www.chess.com"]

[Event "Titled Tuesday Blitz August 16 Early 2022"]
[White "Johnson, Ben"]
[Black "Miszler, Levente"]
[WhiteFideId "2010917"]
[BlackFideId "763276"]
[WhiteElo "2050"]
[BlackElo "1966"]
[Result "0-1"]
[Round "04"]
[TimeControl "180+2"]
[Date "2022.08.18"]
[WhiteClock "0:00:00"]
[BlackClock "0:00:00"]

1. Nf3 Nf6 2. c4 g6 3. b3 Bg7 4. Bb2 O-O 5. g3 d6 6. d4 Nbd7 7. Bg2 c6 8. O-O Qc7 9. Nc3 e5 10. e3 Re8 11. Qc2 h5 12. Rad1 Nf8 13. d5 cxd5 14. Nxd5 Nxd5 15. Rxd5 Be6 16. Rd2 Rad8 17. Rfd1 Bg4 18. h3 Bf5 19. e4 Bc8 20. Qc3 Ne6 21. Qe3 Nc5 22. Ne1 f5 23. exf5 Bxf5 24. Bd5+ Kh7 25. Nf3 Bh6 26. Ng5+ Bxg5 27. Qxg5 Bxh3 28. b4 Ne6 29. Qh4 Bf5 30. Kg2 Qe7 31. Rh1 Qxh4 32. Rxh4 b6 33. Bf3 Ng5 34. Be2 Kg7 35. f4 Nf7 36. Bf3 Kg8 37. g4 hxg4 38. Bxg4 Bxg4 39. Rxg4 Kg7 40. f5 g5 41. Rd1 Kf6 42. Rf1 Rc8 43. Bc1 b5 44. cxb5 Rc2+ 45. Kg1 Rh8 46. Be3 Re2 47. Bxa7 Rxa2 48. Be3 Re2 49. Bf2 Kxf5 0-1


[Site "https://www.chess.com"]

[Event "Titled Tuesday Blitz August 16 Early 2022"]
[White "Kaasen, Tor Fredrik"]
[Black "Suder, Jakub"]
[WhiteFideId "1516647"]
[BlackFideId "1195310"]
[WhiteElo "2335"]
[BlackElo "2095"]
[Result "0-1"]
[Round "04"]
[TimeControl "180+1"]
[Date "2022.08.16"]
[WhiteClock "0:00:02"]
[BlackClock "0:00:13"]

1. e4 c5 2. Nf3 e6 3. d4 cxd4 4. Nxd4 Nc6 5. Nc3 Nf6 6. Ndb5 d6 7. Bf4 e5 8. Bg5 a6 9. Na3 Be6 10. Nc4 Rb8 11. Bxf6 Qxf6 12. Nb6 Nd4 13. Nbd5 Qd8 14. a4 Rc8 15. Bd3 Be7 16. Nxe7 Qxe7 17. O-O O-O 18. a5 Kh8 19. Ne2 Nxe2+ 20. Qxe2 Rc5 21. Rfd1 Qc7 22. Qd2 Rc8 23. h3 Kg8 24. Ra3 h6 25. b4 Rc3 26. Rxc3 Qxc3 27. Qxc3 Rxc3 28. Kf1 Kf8 29. Ke2 Ke7 30. Kd2 Ra3 31. Rb1 Kd7 32. b5 axb5 33. Rxb5 Kc7 34. h4 Bd7 35. Rb1 Rxa5 36. Bc4 f6 37. Rb3 Rc5 38. Bd5 Ba4 39. Rxb7+ Kc8 40. Rxg7 Rxc2+ 41. Ke3 Rc3+ 42. Ke2 Bb5+ 43. Kd2 Rd3+ 44. Kc2 Ra3 45. Rg6 h5 46. Rxf6 Kc7 47. Rf5 Be8 48. Rf8 Bc6 49. Bxc6 Kxc6 50. Rf5 Kc5 51. Kd2 Kd4 52. f3 Ra2+ 53. Ke1 Ke3 54. Kd1 Rxg2 55. Rxh5 Rd2+ 56. Ke1 Ra2 57. Kd1 Kxf3 58. Rh6 Ra6 59. h5 Kxe4 60. Rg6 Kd5 61. h6 Ra1+ 62. Ke2 Rh1 63. Kf3 Kc5 64. Ke4 Rh4+ 65. Kf5 e4 66. Re6 d5 67. Kg6 Kd4 68. h7 e3 69. Re8 Kd3 70. Re5 Rxh7 71. Rxd5+ Ke4 72. Rd8 Rh1 73. Kg5 Rf1 74. Re8+ Kd3 75. Kg4 e2 76. Rd8+ Kc4 0-1


[Site "https://www.chess.com"]

[Event "Titled Tuesday Blitz August 16 Early 2022"]
[White "Kambrath, Yannick"]
[Black "Zhigalko, Sergei"]
[WhiteFideId "20632525"]
[BlackFideId "13502956"]
[WhiteElo "2236"]
[BlackElo "2662"]
[Result "0-1"]
[Round "04"]
[TimeControl "180+1"]
[Date "2022.08.16"]
[WhiteClock "0:00:01"]
[BlackClock "0:00:05"]

1. d4 Nf6 2. Nf3 e6 3. c4 b6 4. g3 Ba6 5. Bg2 Bxc4 6. Nc3 Bb4 7. Nd2 Bd5 8. Nxd5 exd5 9. O-O O-O 10. Nb1 Re8 11. Nc3 c6 12. a3 Bxc3 13. bxc3 Na6 14. Re1 Nc7 15. f3 d6 16. e4 Ne6 17. Qb3 Qc7 18. a4 h6 19. Bb2 Re7 20. c4 dxe4 21. fxe4 Ng5 22. e5 dxe5 23. dxe5 Nd7 24. h4 Ne6 25. a5 Rae8 26. axb6 axb6 27. Ba3 Nec5 28. Qf3 Nxe5 29. Qf5 Nf3+ 30. Qxf3 Rxe1+ 31. Rxe1 Rxe1+ 32. Kh2 Re8 33. Bb2 Ne6 34. Qg4 Qd6 35. Bc1 Kh8 36. Be3 b5 37. cxb5 cxb5 38. Qf5 Nd4 39. Qf2 Rd8 40. Qxf7 Qe6 41. Qc7 Qd6 42. Qf7 Qf6 43. Qc7 Re8 44. Bf4 Ne6 45. Qc6 Rf8 46. Bd6 Nd4 47. Qd5 Rd8 48. Qe5 Qxd6 49. Qe4 Qf6 50. Qg4 Nf5 51. Be4 Rf8 52. Kh3 b4 53. Bc2 b3 54. Bxb3 Ne3 55. Qe2 Qf5+ 0-1


[Site "https://www.chess.com"]

[Event "Titled Tuesday Blitz August 16 Early 2022"]
[White "Kamsky, Gata"]
[Black "Ajay, Karthikeyan"]
[WhiteFideId "2000024"]
[BlackFideId "35011685"]
[WhiteElo "2666"]
[BlackElo "2168"]
[Result "1-0"]
[Round "04"]
[TimeControl "180+1"]
[Date "2022.08.16"]
[WhiteClock "0:01:42"]
[BlackClock "0:00:04"]

1. d4 Nf6 2. Bf4 g6 3. c3 Bg7 4. Nf3 O-O 5. Nbd2 d6 6. e4 c5 7. dxc5 dxc5 8. h3 Nc6 9. Be2 b6 10. O-O Bb7 11. Bh2 Qc8 12. Re1 Ba6 13. a4 Rd8 14. Bb5 Nd7 15. Qe2 Bb7 16. e5 e6 17. Nc4 a6 18. Nd6 Qc7 19. Nxb7 Qxb7 20. Bc4 Na5 21. Bd3 Qa7 22. Bf4 Qc7 23. Bxa6 c4 24. Bb5 Nb3 25. Rad1 Na5 26. Bg5 Nc5 27. Bxd8 Rxd8 28. Rxd8+ Qxd8 29. Bxc4 Nxa4 30. Bb5 Nc5 31. b4 1-0


[Site "https://www.chess.com"]

[Event "Titled Tuesday Blitz August 16 Early 2022"]
[White "Karaev, Seit-Amet"]
[Black "Lagno, Kateryna"]
[WhiteFideId "4169549"]
[BlackFideId "14109336"]
[WhiteElo "2272"]
[BlackElo "2522"]
[Result "0-1"]
[Round "04"]
[TimeControl "180+2"]
[Date "2022.08.18"]
[WhiteClock "0:00:00"]
[BlackClock "0:00:00"]

1. e4 e5 2. f4 exf4 3. Nf3 Ne7 4. Nc3 d5 5. e5 d4 6. Ne4 Nd5 7. Bc4 Nc6 8. O-O Be7 9. Bxd5 Qxd5 10. d3 Bg4 11. Bxf4 h6 12. Bg3 O-O-O 13. a4 Kb8 14. a5 a6 15. h3 Be6 16. Ned2 Nxa5 17. b3 Bb4 18. Nc4 Nc6 19. Nfd2 Bc3 20. Ra2 Nb4 21. Ra3 b5 22. Ra5 Qb7 23. Ne4 bxc4 24. bxc4 Nxd3 25. Rxa6 Qxe4 26. cxd3 Qb7 27. Qa4 Bc8 28. Ra5 Bxa5 29. Qxa5 Qb6 30. Qa2 Bb7 31. Rb1 Qc6 32. e6 fxe6 33. Ra1 Kc8 34. Re1 Rhf8 35. Re2 Rf5 36. c5 Rdf8 37. Kh2 R8f6 38. Rc2 Rg6 39. Qc4 Rfg5 40. Qxd4 Rxg3 41. Qh4 Rxg2+ 0-1


[Site "https://www.chess.com"]

[Event "Titled Tuesday Blitz August 16 Early 2022"]
[White "Karimov, Alisher"]
[Black "Harsh Suresh"]
[WhiteFideId "14700280"]
[BlackFideId "45018464"]
[WhiteElo "2186"]
[BlackElo "2070"]
[Result "1/2-1/2"]
[Round "04"]
[TimeControl "180+2"]
[Date "2022.08.18"]
[WhiteClock "0:00:00"]
[BlackClock "0:00:00"]

1. d4 g6 2. c4 Bg7 3. Nc3 d6 4. Nf3 c5 5. dxc5 dxc5 6. Qxd8+ Kxd8 7. Be3 Bxc3+ 8. bxc3 b6 9. Bf4 f6 10. O-O-O+ Ke8 11. h4 Be6 12. e3 Nc6 13. Nd2 Rd8 14. f3 Bf7 15. g4 e5 16. Bg3 Nge7 17. Be2 Nc8 18. Ne4 Ke7 19. g5 f5 20. Nf6 Rxd1+ 21. Rxd1 Rd8 22. Rxd8 Kxd8 23. Nxh7 Nd6 24. Nf6 Nxc4 25. Bf2 Nd6 26. Kb2 Ke7 27. Bg3 Bc4 28. Bd1 Bf7 29. Be2 Na5 30. e4 f4 31. Be1 Bc4 32. Bd1 Kf7 33. Nd7 Ke6 34. Nf8+ Kf7 35. Nd7 Be6 36. Nxe5+ Kg7 37. Nd3 Nac4+ 38. Kc1 Ne3 39. Nxf4 Bxa2 40. Be2 Nec4 41. Ne6+ Kf7 42. Nd8+ Kg7 43. Bd3 Ne5 44. Be2 Bc4 45. Bxc4 Ndxc4 46. f4 Nd3+ 47. Kd1 Nxf4 48. Bg3 Nd3 49. Nc6 a5 50. Ke2 Ndb2 51. Ne5 a4 52. Nd3 Nxd3 53. Kxd3 b5 54. Kc2 Kf7 55. Bf2 Nd6 56. Bxc5 Nxe4 57. Bb4 Ke6 58. Kd3 Ng3 59. Kd4 Nf5+ 60. Kc5 Nxh4 61. Kxb5 Nf3 62. c4 Nxg5 63. Kxa4 Ne4 64. Be1 g5 65. Kb5 Kd6 66. Bb4+ Kd7 67. Be1 g4 68. c5 Ng5 69. c6+ Kc8 70. Bg3 Nf3 71. Kb6 Nd2 72. Bf4 Ne4 73. Be5 Nf2 74. Bg3 Nd3 75. Bh2 Nc1 76. Bg3 Ne2 77. Bh2 Nd4 78. Bg3 Ne6 79. Be5 Nf8 80. Kc5 Ng6 81. Bg3 Ne7 82. Bh2 Nf5 83. Kd5 Nh4 84. Ke4 Nf3 85. Bg3 Nd2+ 86. Kf5 Nb3 87. Kxg4 Nd4 88. Bf4 Nxc6 1/2-1/2


[Site "https://www.chess.com"]

[Event "Titled Tuesday Blitz August 16 Early 2022"]
[White "Khabinets, Ivan"]
[Black "Terry, Renato"]
[WhiteFideId "14115980"]
[BlackFideId "3803457"]
[WhiteElo "2114"]
[BlackElo "2577"]
[Result "0-1"]
[Round "04"]
[TimeControl "180+1"]
[Date "2022.08.16"]
[WhiteClock "0:02:28"]
[BlackClock "0:02:26"]

1. e4 e6 2. d4 d5 3. Nd2 Be7 4. e5 c5 5. c3 cxd4 6. cxd4 Nc6 7. Ndf3 Bb4+ 8. Bd2 Qb6 9. Bxb4 Qxb4+ 10. Qd2 Bd7 11. Bd3 Nge7 12. Ne2 Rc8 13. Rc1 O-O 14. O-O Qxd2 15. Nxd2 Nb4 16. Bb1 Bb5 17. Rce1 Nc2 0-1


[Site "https://www.chess.com"]

[Event "Titled Tuesday Blitz August 16 Early 2022"]
[White "Kohler, Aran"]
[Black "Fernandez Hernandez, Gerardo"]
[WhiteFideId "1002856"]
[BlackFideId "2207400"]
[WhiteElo "2060"]
[BlackElo "2169"]
[Result "0-1"]
[Round "04"]
[TimeControl "180+2"]
[Date "2022.08.18"]
[WhiteClock "0:00:00"]
[BlackClock "0:00:00"]

1. d4 Nf6 2. Nf3 g6 3. Bg5 Bg7 4. Nbd2 d6 5. c3 Nbd7 6. e3 h6 7. Bh4 g5 8. Bg3 Nh5 9. Bc4 e6 10. Qb3 Qe7 11. O-O-O a6 12. Be2 b5 13. h4 g4 14. Ne1 Nxg3 15. fxg3 h5 16. Kb1 Bb7 17. e4 c5 18. dxc5 dxc5 19. Qc2 O-O-O 20. a4 c4 21. axb5 axb5 22. Rf1 Ne5 23. b4 Rd6 24. Kb2 Rhd8 25. Nb1 Ra6 26. Rxd8+ Kxd8 27. Qd2+ Kc8 28. Nc2 Bxe4 29. Qe3 Nd3+ 30. Bxd3 Bxd3 31. Rf2 Bxc2 32. Rxc2 Qxb4+ 33. Kc1 Qd6 34. Rd2 Qe5 35. Qf2 Bh6 36. Qxf7 Bxd2+ 37. Nxd2 Qe1+ 38. Kc2 Ra2# 0-1


[Site "https://www.chess.com"]

[Event "Titled Tuesday Blitz August 16 Early 2022"]
[White "Koniahli, Malek."]
[Black "Zia, Tahsin Tajwar"]
[WhiteFideId "7603495"]
[BlackFideId "10211888"]
[WhiteElo "2097"]
[BlackElo "1800"]
[Result "1-0"]
[Round "04"]
[TimeControl "180+2"]
[Date "2022.08.18"]
[WhiteClock "0:00:00"]
[BlackClock "0:00:00"]

1. e4 c6 2. Nf3 d5 3. Nc3 Bg4 4. h3 Bxf3 5. Qxf3 e6 6. Be2 Nd7 7. O-O Bc5 8. Rd1 d4 9. Nb1 Ne5 10. Qg3 d3 11. cxd3 Bd4 12. Nc3 h5 13. h4 Nf6 14. Rf1 Rh6 15. Kh1 Rg6 16. Qh3 Nfg4 17. Nd1 f5 18. f4 Nd7 19. Ne3 Qf6 20. e5 Qe7 21. a4 O-O-O 22. a5 Nc5 23. Ra3 Na6 24. Ra4 Qc5 25. Rc4 Qxa5 26. Qf3 Nc5 27. b4 Qc7 28. bxc5 Qe7 29. Ba3 Qxh4+ 30. Qh3 Nf2+ 31. Rxf2 Qxf2 32. Qf3 Qe1+ 33. Nf1 h4 34. Rc1 Qf2 35. Qxf2 Bxf2 36. Rc4 Bd4 37. Nh2 Rg3 38. Nf3 Rg4 39. Rxd4 Rxd4 40. Nxd4 Rxf4 41. Nf3 Ra4 42. Bb2 Ra2 43. Bc3 a5 44. Nd4 Kd7 45. Bh5 a4 46. Bf7 Ke7 47. Bxe6 Ra3 48. Bc4 g6 49. Kh2 Kd7 50. Kh3 Kc7 51. Kxh4 b5 52. cxb6+ Kxb6 53. e6 Kc7 54. Kg5 Kd6 55. Kxg6 c5 56. Nb5+ Ke7 57. Nxa3 Kf8 58. Bf6 f4 59. Bb5 Kg8 60. e7 f3 61. e8=Q# 1-0


[Site "https://www.chess.com"]

[Event "Titled Tuesday Blitz August 16 Early 2022"]
[White "Kononenko, Dmitry"]
[Black "Zhurbinsky, David"]
[WhiteFideId "14113538"]
[BlackFideId "2072904"]
[WhiteElo "2129"]
[BlackElo "1996"]
[Result "1-0"]
[Round "04"]
[TimeControl "180+2"]
[Date "2022.08.18"]
[WhiteClock "0:00:00"]
[BlackClock "0:00:00"]

1. e4 e5 2. Nf3 Nc6 3. Bb5 a6 4. Ba4 Nf6 5. O-O Be7 6. Re1 b5 7. Bb3 O-O 8. c3 d5 9. exd5 Nxd5 10. Nxe5 Nxe5 11. Rxe5 c6 12. d4 Bd6 13. Re1 Qh4 14. g3 Qh3 15. Qf3 Bg4 16. Qg2 Qh5 17. Be3 Rae8 18. Nd2 Kh8 19. Bxd5 cxd5 20. f3 Bh3 21. Qf2 f5 22. Bf4 Bxf4 23. gxf4 Rd8 24. Re5 Rf6 25. Kh1 Rg6 26. Rg1 Rxg1+ 27. Qxg1 Rd6 28. Qg5 Qf7 29. Qh4 g5 30. Qxh3 1-0


[Site "https://www.chess.com"]

[Event "Titled Tuesday Blitz August 16 Early 2022"]
[White "Koridze, Lile"]
[Black "Tica, Sven"]
[WhiteFideId "13612514"]
[BlackFideId "14526948"]
[WhiteElo "2050"]
[BlackElo "2350"]
[Result "0-1"]
[Round "04"]
[TimeControl "180+2"]
[Date "2022.08.18"]
[WhiteClock "0:00:00"]
[BlackClock "0:00:00"]

1. d4 g6 2. c4 Bg7 3. Nc3 d6 4. e4 Nd7 5. Nf3 e5 6. Be2 Ne7 7. O-O O-O 8. Be3 h6 9. dxe5 Nxe5 10. Nxe5 dxe5 11. Qc2 Be6 12. Rfd1 Qc8 13. Nd5 Nc6 14. Bc5 Re8 15. b4 Nd4 16. Qb2 c6 17. Ne7+ Rxe7 18. Bxe7 b6 19. Bh4 c5 20. b5 f5 21. f3 Qb7 22. Bd3 Qf7 23. Rac1 f4 24. Bf2 Rd8 25. a4 g5 26. h3 h5 27. Be2 Bf6 28. a5 Be7 29. axb6 axb6 30. Bxd4 exd4 31. Rd3 Bxc4 32. Rdd1 d3 33. Bf1 Bf6 34. Qa3 Bd4+ 35. Kh1 Be3 36. Rxc4 Qxc4 37. Bxd3 Qxb5 38. Bc4+ Kh7 39. Qa7+ Kh6 40. Qa1 Rxd1+ 41. Qxd1 Qxc4 42. Qd6+ Kg7 43. Qe7+ Kg6 44. Qd6+ Kf7 45. Qc7+ Kf6 46. Qd8+ Ke5 47. Qh8+ Kd6 48. Qd8+ Kc6 49. Qe8+ Kb7 50. Qd7+ Ka6 51. Qc8+ Ka5 52. Qa8+ Kb4 0-1


[Site "https://www.chess.com"]

[Event "Titled Tuesday Blitz August 16 Early 2022"]
[White "Kosteniuk, Alexandra"]
[Black "Schekachikhin, Maksim"]
[WhiteFideId "4128125"]
[BlackFideId "24177830"]
[WhiteElo "2469"]
[BlackElo "2239"]
[Result "0-1"]
[Round "04"]
[TimeControl "180+2"]
[Date "2022.08.18"]
[WhiteClock "0:00:00"]
[BlackClock "0:00:00"]

1. e4 c5 2. Nf3 e6 3. c3 d5 4. exd5 Qxd5 5. d4 Nf6 6. Be2 cxd4 7. cxd4 Bb4+ 8. Nc3 O-O 9. O-O Qa5 10. Bd2 Nc6 11. a3 Bxc3 12. bxc3 Rd8 13. Qc2 Qc7 14. Rac1 h6 15. Bb5 b6 16. Rfe1 Bb7 17. Ba4 Rac8 18. Qb1 Na5 19. Ne5 Nc4 20. Nxc4 Qxc4 21. Qb5 Qc7 22. Qd3 Qd6 23. Bc2 a6 24. Rb1 b5 25. a4 Bc6 26. axb5 axb5 27. Qg3 Qxg3 28. hxg3 Nd5 29. Bd3 Bd7 30. Rb3 Rc7 31. Be4 Nf6 32. Bf3 Rdc8 33. Re5 Ra7 34. Re1 Ra2 35. Bf4 Bc6 36. Bxc6 Rxc6 37. Rxb5 Rxc3 38. Rb8+ Kh7 39. Rb7 Kg6 40. Be3 Ng4 41. Rb5 Rcc2 42. Rb3 Nxe3 43. fxe3 Rxg2+ 44. Kf1 Raf2# 0-1


[Site "https://www.chess.com"]

[Event "Titled Tuesday Blitz August 16 Early 2022"]
[White "Kostiukov, Alexandr"]
[Black "Orlov, Georgi"]
[WhiteFideId "14108100"]
[BlackFideId "2011271"]
[WhiteElo "2202"]
[BlackElo "2461"]
[Result "0-1"]
[Round "04"]
[TimeControl "180+2"]
[Date "2022.08.18"]
[WhiteClock "0:00:00"]
[BlackClock "0:00:00"]

1. g3 f5 2. Bg2 e5 3. d4 e4 4. c4 Nf6 5. Nc3 Bb4 6. Qb3 Qe7 7. Nh3 Nc6 8. Be3 Na5 9. Qc2 Nxc4 10. Bg5 c6 11. O-O d5 12. Bxf6 Qxf6 13. Nxd5 cxd5 14. Qa4+ Bd7 15. Qxb4 Qb6 16. Qxb6 axb6 17. Nf4 Bc6 18. b3 Na3 19. Rfc1 Ke7 20. e3 Rhc8 21. h4 g6 22. Bf1 Kd6 23. Be2 b5 24. Kf1 b4 25. Ke1 Be8 26. Kd2 h6 27. Rxc8 Rxc8 28. Rc1 Ra8 29. Rc5 Nb1+ 30. Kc2 Nc3 0-1


[Site "https://www.chess.com"]

[Event "Titled Tuesday Blitz August 16 Early 2022"]
[White "Kotepalli, Sai Nirupama"]
[Black "De La Colina, Nicolas"]
[WhiteFideId "5039444"]
[BlackFideId "30946921"]
[WhiteElo "1910"]
[BlackElo "2046"]
[Result "0-1"]
[Round "04"]
[TimeControl "180+2"]
[Date "2022.08.18"]
[WhiteClock "0:00:00"]
[BlackClock "0:00:00"]

1. e4 c5 2. Nf3 Nc6 3. d3 g6 4. g3 Bg7 5. Bg2 e6 6. O-O Nge7 7. c3 e5 8. a3 d6 9. b4 O-O 10. b5 Nb8 11. c4 f5 12. Nc3 Nd7 13. Ne2 Nf6 14. Ne1 Rb8 15. Rb1 Be6 16. Qa4 Nc8 17. Bd2 Qc7 18. Qc2 b6 19. a4 Ne7 20. f4 Rbd8 21. Nc3 Qd7 22. Nf3 fxe4 23. Nxe4 Nxe4 24. dxe4 exf4 25. Bxf4 Bh3 26. Rbd1 Bxg2 27. Rxd6 Qxd6 28. Bxd6 Bxf1 29. Bxe7 Rxf3 30. Bxd8 Bd4+ 31. Kh1 Bh3 0-1


[Site "https://www.chess.com"]

[Event "Titled Tuesday Blitz August 16 Early 2022"]
[White "Kuznetsova, Olga"]
[Black "Djokic, Mihailo"]
[WhiteFideId "4191323"]
[BlackFideId "976440"]
[WhiteElo "2134"]
[BlackElo "2246"]
[Result "0-1"]
[Round "04"]
[TimeControl "180+2"]
[Date "2022.08.18"]
[WhiteClock "0:00:00"]
[BlackClock "0:00:00"]

1. d4 Nf6 2. Bf4 g6 3. e3 Bg7 4. Nd2 O-O 5. h3 d6 6. Ngf3 Nbd7 7. Bg3 b6 8. c3 Bb7 9. Bc4 Qe8 10. O-O e5 11. a4 a6 12. Qb3 Qe7 13. Rfe1 e4 14. Nh2 Kh8 15. Bh4 h6 16. Nhf1 g5 17. Bg3 Nh5 18. Bh2 f5 19. Qd1 Qe8 20. f3 exf3 21. Nxf3 Ndf6 22. Ng3 Nxg3 23. Bxg3 Ne4 24. Bh2 g4 25. Bf4 gxf3 26. gxf3 Ng5 27. Bxg5 hxg5 28. e4 Qh5 29. Kg2 fxe4 30. fxe4 Qxd1 31. Raxd1 Rae8 32. Kg3 Bxe4 33. Bxa6 Bc2 34. Rc1 Bxa4 35. Bc4 Bd7 36. Rh1 Re3+ 37. Kg2 c5 38. h4 g4 39. Rcf1 Rxf1 40. Rxf1 cxd4 41. cxd4 b5 42. Rf7 bxc4 43. Rxd7 Bxd4 44. Rxd6 Bxb2 45. h5 c3 46. Rc6 Re2+ 47. Kf1 Rh2 48. Rb6 c2 0-1


[Site "https://www.chess.com"]